 Dungeon Crawl Stone Soup version 0.28-a0-1130-gc51a68064b (webtiles) character file.

Game seed: 5945048537194825110

123 bande the Covered (level 5, -13/33 HPs)
             Began as a Gargoyle Fighter on Dec 12, 2021.
             Mangled by an ogre (23 damage)
             ... on level 3 of the Dungeon.
             The game lasted 00:03:54 (2757 turns).

bande the Covered (Gargoyle Fighter)                Turns: 2757, Time: 00:03:55

Health: -13/33     AC: 11    Str: 19    XL:     5   Next: 7%
Magic:  5/5        EV:  9    Int:  9    God:
Gold:   115        SH:  4    Dex: 11    Spells: 4/4 levels left

rFire   . . .      SeeInvis .   a - +1 war axe
rCold   . . .      Faith    .   c - +0 buckler
rNeg    + . .      Spirit   .   b - +0 scale mail
rPois   ∞          Reflect  .   (no helmet)
rElec   +          Harm     .   (no cloak)
rCorr   .          Rampage  .   (no gloves)
Will    .....                   (no boots)
Stlth   ..........              (no amulet)
HPRegen 0.11/turn               (no ring)
MPRegen 0.09/turn               (no ring)

@: no status effects
A: sickness immunity, AC +4, negative energy resistance 1, electricity
resistance, torment resistance 1, petrification resistance
a: no special abilities


You were on level 3 of the Dungeon.
You visited 1 branch of the dungeon, and saw 4 of its levels.

You collected 115 gold pieces.

Inventory:

Hand Weapons
 a - a +1 war axe (weapon)
 m - a +0 flail
Armour
 b - a +0 scale mail (worn)
 c - a +0 buckler (worn)
Scrolls
 f - 4 scrolls of magic mapping
Potions
 d - a potion of might
 e - 2 potions of brilliance {unknown}
 g - a potion of curing {unknown}
 h - a potion of mutation {unknown}
 i - 2 potions of resistance


   Skills:
 + Level 3.8 Fighting
 + Level 3.3 Axes
 + Level 4.1 Armour
 - Level 0.2 Stealth
 + Level 3.9 Shields


You had 4 spell levels left.
You didn't know any spells.
Your spell library contained the following spells:

 Spells                   Type           Power      Damage    Failure   Level
 Passwall                 Tmut/Erth      0%         N/A       87%         2
 Swiftness                Air            0%         N/A       98%         3


Dungeon Overview and Level Annotations

Branches:
Dungeon (4/15)
 Temple: D:4-7

Altars:
Nemelex Xobeh
Uskayaw

Shops:
D:1 *


Innate Abilities, Weirdness & Mutations

You are immune to sickness and miasma.
Your stone body is resilient. (AC +4)
You are immune to poison.
You resist negative energy. (rN+)
You are resistant to electric shocks. (rElec)
You are resistant to unholy torment.
You are immune to petrification.


Message History

There is a large open door here.
Done exploring.
Done exploring.
No target in view!
Done exploring.
Done exploring.
There is an open door here.
There is a stone staircase leading down here.
You climb downwards.
There is a stone staircase leading up here.
Found a hunting sling.
A hobgoblin comes into view.
The hobgoblin shouts!
You hear a shout!
An ogre comes into view. It is wielding a +0 giant spiked club.
An orc comes into view. It is wielding a +0 club.
The orc shouts!
An orc comes into view. It is wielding a +0 club.
You hit the hobgoblin.
You kill the hobgoblin!
The ogre hits you with a +0 giant spiked club!
Ouch! That really hurt!
You are too injured to fight recklessly!
You are too injured to fight recklessly!
You are too injured to fight recklessly!
Unknown command.
There is a stone staircase leading up here.
You climb upwards.
There is a stone staircase leading down here.
You start resting.
HP restored.
You climb downwards.
You block the ogre's attack.
There is a stone staircase leading up here.
The ogre hits you with a +0 giant spiked club!!
Ouch! That really hurt!
You climb upwards.
There is a stone staircase leading down here.
You barely miss the ogre.
The ogre hits you with a +0 giant spiked club!!
Ouch! That really hurt!
You die...

# # # # ######### #
#....>..# #
#.......#
###########.......#
..........'.....@.#
......#####....O..#
......# #.......#
[.....# #.......#
......###
######'####
........# #....#
###....[# ####.#
###...<.# #...#
...##'#### #.###


You could see an ogre.

Vanquished Creatures
  2 adders (D:3)
  4 gnolls (D:3)
  An ufetubus (D:2)
  A worm (D:3)
  A dart slug (D:1)
  2 orcs (D:3)
  7 bats
  5 endoplasms
  5 giant cockroaches
  7 goblins
  8 hobgoblins
  4 frilled lizards
  3 kobolds (D:1)
  3 rats
  A spectral hobgoblin (D:2)
54 creatures vanquished.

Notes
Turn   | Place    | Note
-------+----------+-------------------------------------------
     0 | D:1      | bande the Gargoyle Fighter began the quest for the Orb.
     0 | D:1      | Reached XP level 1. HP: 14/14 MP: 1/1
    52 | D:1      | Reached XP level 2. HP: 19/19 MP: 2/2
   227 | D:1      | Reached XP level 3. HP: 23/23 MP: 3/3
   498 | D:1      | Found Beirialakk's General Store.
   720 | D:2      | Found a faded altar of an unknown god.
  1565 | D:3      | Found a hide-covered altar of Uskayaw.
  1577 | D:3      | Reached skill level 4 in Armour
  1577 | D:3      | Reached XP level 4. HP: 25/29 MP: 4/4
  1689 | D:3      | HP: 1/29 [gnoll (4)]
  2155 | D:3      | Found a sparkling altar of Nemelex Xobeh.
  2276 | D:3      | Reached XP level 5. HP: 33/33 MP: 5/5
  2596 | D:4      | Noticed an ogre
  2757 | D:3      | Mangled by an ogre

Illustrated notes

Levels and vault maps discovered:
D:1:      minmay_arrival_three_doors, layout_rooms, serial_shops,
          nicolae_shop_window_shopping, minmay_curled_crystal
D:2:      layout_basic, dreamdust_ecumenical_altar_drowned_temple
D:3:      minmay_skewed_foursquare, layout_basic, mainiacjoe_overflow_swirl,
          kennysheep_generic_room_12
D:4:      layout_basic, serial_shops, nicolae_stop_n_shop_2, minmay_unequal,
          uniq_edmund, uniq_robin

Skill      XL: |  1  2  3  4 |
---------------+-------------+-----
Axes           | 2 3 |  3.3
Armour         | 4 |  4.1
Fighting       | |  3.8
Stealth        | |  0.2
Shields        | |  3.9

Action                   |  1- 3 |  4- 6 || total
-------------------------+-------+-------++-------
Melee: War axe           |    95 |    43 ||   138
  Use: Scroll            |     4 |     5 ||     9
Armor: Scale mail        |    76 |    18 ||    94
Dodge: Dodged            |    75 |    23 ||    98
Block: Buckler           |    29 |    16 ||    45

Table legend: (Time is in decaauts)
 A = Elapsed time spent in this place.
 B = Non-inter-level travel time spent in this place.
 C = Inter-level travel time spent in this place.
 D = Time resting spent in this place.
 E = Time spent auto-exploring this place.
 F = Levels seen in this place.
 G = Mean time per level.
                   A        B        C        D        E       F      G
               +--------+--------+--------+--------+--------+-----+--------+
         Total |   2816 |   2816 |      0 |    539 |   1741 |   4 |  704.0 |
       Dungeon |   2816 |   2816 |      0 |    539 |   1741 |   4 |  704.0 |
               +--------+--------+--------+--------+--------+-----+--------+

Top non-repeatable levels by time:
     D:3: 1191 daAuts
     D:2: 963 daAuts
     D:1: 625 daAuts
     D:4: 36 daAuts
